 Dungeon Crawl Stone Soup version 0.28-a0-1412-gf95308ed99 (webtiles) character file.

Game seed: 8858275825296304087

4762 spiderkeys the Slicer (level 10, 0/53 HPs)
             Began as a Vine Stalker Abyssal Knight on Jan 6, 2022.
             Was an Elder of Lugonu.
             Slain by a centaur warrior (9 damage)
             ... on level 8 of the Dungeon.
             The game lasted 00:21:26 (8112 turns).

spiderkeys the Slicer (Vine Stalker Abyssal Knight) Turns: 8112, Time: 00:21:26

Health: 0/53       AC:  7    Str: 17    XL:     10   Next: 47%
Magic:  0/13       EV: 13    Int: 10    God:    Lugonu [****..]
Gold:   515        SH: 10    Dex: 18    Spells: 9/9 levels left

rFire   . . .      SeeInvis .   K - +1 rapier (flame)
rCold   . . .      Faith    .   d - +0 kite shield {reflect}
rNeg    . . .      Spirit   +   J - +0 steam dragon scales
rPois   .          Reflect  +   (no helmet)
rElec   .          Harm     .   g - +0 cloak
rCorr   .          Rampage  .   H - +0 pair of gloves
Will    +....                   (no boots)
Stlth   ++........              p - amulet of magic regeneration
HPRegen 0.97/turn               (no ring)
MPRegen 0.53/turn               (no ring)

@: about to teleport
A: fangs 3, regeneration 1, magic shield, antimagic bite, no potion heal 2
a: Renounce Religion, Depart the Abyss, Bend Space, Banish, Corrupt


You were on level 8 of the Dungeon.
You worshipped Lugonu.
Lugonu was greatly pleased with you.
You visited 1 branch of the dungeon, and saw 8 of its levels.
You visited the Abyss 1 time.
You also visited: Sewer.

You collected 515 gold pieces.


Innate Abilities, Weirdness & Mutations

You have razor-sharp teeth.
Your natural rate of healing is unusually fast.
When hurt, damage is shared between your health and your magic reserves.
Your bite disrupts and absorbs the magic of your enemies.
Potions cannot restore your health.


   Skills:
 + Level 6.7 Fighting
 + Level 8.7 Short Blades
 - Level 1.5 Armour
 + Level 5.6 Dodging
 + Level 6.0 Shields
 * Level 3.0 Invocations


You had 9 spell levels left.
You didn't know any spells.
Your spell library contained the following spells:

 Spells                   Type           Power      Damage    Failure   Level
 Beastly Appendage        Tmut           0%         N/A       71%         1
 Freeze                   Ice            0%         1d3       71%         1
 Sublimation of Blood     Necr           0%         N/A       83%         2
 Wereblood                Tmut           0%         N/A       83%         2
 Frozen Ramparts          Ice            0%         1d2       97%         3
 Gell's Gravitas          Tloc           0%         N/A       97%         3
 Lesser Beckoning         Tloc           0%         N/A       97%         3
 Spider Form              Tmut/Pois      0%         N/A       97%         3
 Teleport Other           Tloc           0%         N/A       97%         3
 Hailstorm                Conj/Ice       0%         3d3       100%        4
 Summon Hydra             Summ           0%         N/A       100%        7

Inventory:

Hand Weapons
 v - the +5 dagger of Cekiphoj {distort, Int+4}
   (You found it on level 6 of the Dungeon)

   It warps and distorts space around it, and may blink, banish, or inflict
   extra damage upon those it strikes.
   Unwielding it can cause banishment or high damage.
   Int:       It affects your intelligence (+4).
 w - a +1 dagger of venom
   (You took it off an orc on level 3 of the Dungeon)
 D - a +2 antimagic dagger
   (You took it off an orc on level 4 of the Dungeon)
 K - a +1 rapier of flaming (weapon)
   (You took it off Eustachio on level 6 of the Dungeon)
Missiles
 f - 89 arrows
 i - 180 stones
 j - 31 poisoned darts
 r - 40 sling bullets
 s - 5 silver javelins
 x - 4 boomerangs
 E - 99 bolts
 G - 4 atropa-tipped darts
Armour
 c - the +0 ring mail of Dogmatism {*Corrode rElec Int+2 Stlth+}
   (You found it on level 2 of the Abyss)

   Int:       It affects your intelligence (+2).
   rElec:     It insulates you from electricity.
   *Corrode:  It may corrode you when you take damage.
   Stlth:     It makes you more stealthy.
 d - a +0 kite shield of reflection (worn)
   (You acquired it on level 2 of the Abyss)
 g - a +0 cloak (worn)
   (You found it on level 1 of the Dungeon)
 H - a +0 pair of gloves (worn)
   (You found it on level 5 of the Dungeon)
 J - +0 steam dragon scales (worn)
   (You took it off Maggie on level 7 of the Dungeon)
Jewellery
 p - an amulet of magic regeneration (around neck)
   (You found it on level 3 of the Dungeon)
Wands
 C - a wand of flame (10)
   (You found it in a sewer)
Scrolls
 a - a scroll of blinking {unknown}
 b - a scroll of amnesia {unknown}
 h - a scroll of enchant weapon
 k - 5 scrolls of magic mapping {!r}
 m - 2 scrolls of immolation {!r!r}
 u - a scroll of vulnerability {unknown}
 y - 2 scrolls of identify {@r1}
 z - a scroll of torment {!r}
 I - a scroll of fog {unknown}
 L - a scroll of enchant armour {unknown}
 M - a scroll of holy word {unknown}
Potions
 e - a potion of heal wounds {unknown}
 l - 2 potions of flight {unknown}
 n - a potion of haste {unknown}
 o - 4 potions of brilliance {unknown}
 t - 2 potions of curing {unknown}
 A - a potion of berserk rage {!q}
 F - a potion of mutation {unknown}
Miscellaneous
 B - a phial of floods
   (You found it in a sewer)

Dungeon Overview and Level Annotations

Branches:
Dungeon (8/15)             Temple (0/1) D:5           Sewer (visited)
   Lair: D:8-11

Altars:
Dithmenos
Elyvilon
Gozag
Zin
The Shining One

Shops:
D:4

( ### ..# #.# ...
##.## ...
.######.#######
......c........
......#@####### .....
#.# .... #.######### #
... #.......... .# ..
#..#########.# #
#..####......####
#..#.............
########..#.##......#
#...............<.#...


You could see a centaur warrior.


Message History

😮 HP[+1]
Things that are here:
a +0 giant club; a +0 giant club; a two-headed ogre corpse 😮 HP[+1] MP[+1] Done exploring. 😎 HP[+23] MP[+4]
Your hp is fully restored (53).
Your mp is fully restored (13).
Done exploring.
Done exploring.
Done exploring.
Done exploring.
There is an escape hatch in the floor here.
There is a stone staircase leading down here.
You climb downwards.
There is a stone staircase leading up here.
A centaur warrior comes into view.
The centaur warrior shouts!
The centaur warrior wields a +2 shortbow of flaming.
It bursts into flame!
The centaur warrior shoots an arrow.
The arrow hits you! The arrow burns you. 😕 HP[-6] MP[-3]
You take 6 damage, and now have 47/53 hp.
You lost 3 mp, and now have 10/13 mp.
The centaur warrior shoots an arrow.
The arrow hits you!! The arrow burns you.
* * * LOW HITPOINT WARNING * * *
😨 HP[-21] MP[-6]
You take 21 damage, and now have 26/53 hp.
MASSIVE DAMAGE!! (PAUSE)
You lost 6 mp, and now have 4/13 mp. 😮 HP[+1] MP[+1]
You start resting.
A centaur warrior is nearby! 😮 HP[+3] MP[+1]
You regained 3 hp, and now have 30/53 hp.
The centaur warrior unwields a +2 shortbow of flaming.
It stops flaming.
The centaur warrior hits you but does no damage.
The centaur warrior misses you. The centaur warrior hits you!
* * * LOW HITPOINT WARNING * * *
You block the centaur warrior's attack. 😨 HP[-7]
You take 7 damage, and now have 23/53 hp.
You hit the centaur warrior but do no damage.
Space warps around the centaur warrior.
You bite the centaur warrior! You drain its power.
You feel invigorated. You block the centaur warrior's attack.
The centaur warrior kicks you.
* * * LOW HITPOINT WARNING * * *
😨 HP[-1] MP[+6]
You take 1 damage, and now have 22/53 hp.
You regained 6 mp, and now have 12/13 mp.
You hit the centaur warrior.
The centaur warrior hits you but does no damage.
The centaur warrior kicks you but does no damage. 😨 HP[+1] Lugonu absorbs the residual spatial distortion as you unwield your weapon.
Your +1 rapier of flaming bursts into flame!
K - a +1 rapier of flaming (weapon)
The centaur warrior barely misses you.
The centaur warrior kicks you but does no damage.
You hit the centaur warrior. You burn the centaur warrior.
The centaur warrior hits you!
* * * LOW HITPOINT WARNING * * *
The centaur warrior barely misses you. 😨 HP[-5] MP[-3]
You take 5 damage, and now have 18/53 hp.
You lost 3 mp, and now have 9/13 mp.
You hit the centaur warrior. You burn the centaur warrior.
You bite the centaur warrior. You drain its power.
You feel invigorated. The centaur warrior misses you.
The centaur warrior kicks you.
* * * LOW HITPOINT WARNING * * *
You block the centaur warrior's attack.
The centaur warrior kicks you. 😨 HP[-1] MP[-1]
You take 1 damage, and now have 17/53 hp.
You lost 1 mp, and now have 8/13 mp.
You barely miss the centaur warrior.
You bite the centaur warrior, but do no damage.
The centaur warrior hits you.
* * * LOW HITPOINT WARNING * * *
The centaur warrior kicks you but does no damage. 😨 HP[-3] MP[-1]
You take 3 damage, and now have 14/53 hp.
You lost 1 mp, and now have 7/13 mp.
Activating: Corrupt (58% risk of failure)
Press: ? - help, Dir - look around, f - activate
Okay, then.
Press: ? - help, Shift-Dir - straight line, f - centaur warrior
Aim: a centaur warrior, quivering arrows (moderately wounded, chance to affect: 67%)
The centaur warrior struggles to resist.
The centaur warrior barely misses you.
The centaur warrior completely misses you. 😨 HP[+1] MP[-4]
You lost 4 mp, and now have 3/13 mp.
You don't have enough magic at the moment.
Unknown command.
As you read the scroll of teleportation {@r4}, it crumbles to dust.
You feel strangely unstable. The centaur warrior hits you!
* * * LOW HITPOINT WARNING * * *
The centaur warrior kicks you. The centaur warrior hits you!
You die...

Skill      XL: |  1  2  3  4  5  6  7  8  9 10 |
---------------+-------------------------------+-----
Dodging        | 1 2 3 4 5 |  5.6
Short Blades   | 2 3 4 5 6 8 |  8.7
Fighting       | 3 4 5 6 |  6.7
Shields        | 1 2 3 4 5 6 |  6.0
Invocations    | 3 |  3.0
Armour         | |  1.5

Action                   |  1- 3 |  4- 6 |  7- 9 | 10-12 || total
-------------------------+-------+-------+-------+-------++-------
Melee: Short sword       |   115 |   130 |       |       ||   245
       Bite              |    28 |    59 |   120 |    33 ||   240
       Dagger            |       |    70 |   260 |     9 ||   339
       Rapier            |       |       |    74 |    63 ||   137
Throw: Dart              |       |     1 |     3 |       ||     4
Invok: Depart the Abyss  |     1 |       |       |       ||     1
       Bend Space        |       |       |     1 |     1 ||     2
       Banish            |       |       |       |     1 ||     1
Evoke: Wand              |       |       |       |     1 ||     1
  Use: Scroll            |     1 |     3 |     2 |     1 ||     7
 Stab: Sleeping          |     2 |     3 |     3 |       ||     8
Armor: Leather armour    |    39 |    28 |    51 |       ||   118
       Steam dragon scal |       |       |     3 |    18 ||    21
Dodge: Dodged            |    45 |    71 |   130 |    40 ||   286
Block: Kite shield       |    48 |    85 |   132 |    33 ||   298
       Reflection        |       |       |     1 |       ||     1

Levels and vault maps discovered:
D:1:      dpeg_arrival_pits, layout_basic, minmay_crystal_room
D:2:      layout_loops_ring, ebering_ecumenical_altar_petrified, basic_altar,
          minivault_24, grunt_ministairs_7
D:3:      layout_basic
D:4:      layout_layer_cave, general_overflow_altar, lemuel_doored_altar,
          serial_shops, shop, uniq_natasha
D:5:      layout_basic, minmay_temple_entry_poolview, gup_sewer_entry_pipe,
          uniq_sigmund
D:6:      layout_basic, elyvilon_altar_4, minmay_fractal_squares_diagonal_5,
          uniq_eustachio
D:7:      layout_basic, mainiacjoe_overflow_cross_hatched, uniq_maggie
D:8:      layout_basic, mainiacjoe_overflow_large_starburst,
          kennysheep_minor_cross

Notes
Turn   | Place    | Note
-------+----------+-------------------------------------------
     0 | Abyss:1  | spiderkeys the Vine Stalker Abyssal Knight began the quest
                  | for the Orb.
     0 | Abyss:1  | Reached XP level 1. HP: 11/11 MP: 3/3
     0 | Abyss:1  | magus.rc [v1.9.10]
    12 | Abyss:1  | Found a corrupted altar of Lugonu.
    76 | Abyss:2  | Noticed an ancient zyme
    92 | Abyss:2  | Identified the +0 ring mail of Dogmatism {*Corrode rElec
                  | Int+2 Stlth+}
   101 | Abyss:2  | Noticed a ynoxinul
   102 | Abyss:2  | Identified a scroll of acquirement
   103 | D:1      | You pass through the gate.
   103 | D:1      | Escaped the Abyss
   104 | D:1      | Acquired a +0 kite shield of reflection
   215 | D:1      | Reached skill level 1 in Dodging
   222 | D:1      | Reached * piety under Lugonu
   223 | D:1      | Reached XP level 2. HP: 10/16 MP: 4/4
   347 | D:1      | Reached skill level 2 in Short Blades
   837 | D:1      | Reached skill level 3 in Fighting
   837 | D:1      | Reached skill level 1 in Shields
   837 | D:1      | Reached XP level 3. HP: 10/20 MP: 5/5
  1223 | D:1      | You pick up a book of Changes and begin reading...
  1223 | D:1      | You add the spells Beastly Appendage, Wereblood and Spider
                  | Form to your library.
  1796 | D:2      | You fall into a shaft and drop 1 floor!
  1819 | D:2      | Gained mutation: Your natural rate of healing is unusually
                  | fast. [Vine Stalker growth]
  1819 | D:2      | Reached XP level 4. HP: 23/24 MP: 6/6
  1915 | D:2      | Reached ** piety under Lugonu
  2014 | D:2      | Found an opulent altar of Gozag.
  2221 | D:2      | Found a faded altar of an unknown god.
  2325 | D:3      | You pick up a book of Changes and begin reading...
  2545 | D:3      | HP: 5/24 [gnoll (12)]
  2613 | D:3      | Reached XP level 5. HP: 23/28 MP: 7/7
  2677 | D:3      | Reached skill level 3 in Short Blades
  2677 | D:3      | Reached skill level 2 in Dodging
  3482 | D:4      | HP: 2/22 [orc priest (4)]
  3484 | D:4      | Reached skill level 2 in Shields
  3628 | D:4      | Reached XP level 6. HP: 28/30 MP: 8/8
  3654 | D:4      | Found Iczozi Sesch's Weapon Boutique.
  3722 | D:4      | Found a glowing silver altar of Zin.
  3856 | D:4      | Found a glowing golden altar of the Shining One.
  3888 | D:4      | Noticed an orc warrior
  3952 | D:3      | Killed an orc warrior
  3953 | D:3      | Reached skill level 4 in Short Blades
  3953 | D:3      | Reached XP level 7. HP: 18/37 MP: 4/9
  4018 | D:4      | Reached skill level 4 in Fighting
  4063 | D:4      | Noticed Natasha
  4073 | D:4      | Killed Natasha
  4098 | D:4      | Noticed Natasha
  4107 | D:4      | Killed Natasha
  4111 | D:4      | Reached *** piety under Lugonu
  4424 | D:4      | Reached skill level 3 in Shields
  4442 | D:4      | Reached skill level 3 in Dodging
  4514 | D:4      | Noticed Natasha
  4520 | D:4      | Killed Natasha
  4521 | D:4      | Reached skill level 5 in Short Blades
  4941 | D:5      | Entered Level 5 of the Dungeon
  4963 | D:5      | Found a glowing drain.
  4983 | Sewer    | Entered a sewer
  5019 | Sewer    | Gained mutation: You have razor-sharp teeth. [Vine Stalker
                  | growth]
  5019 | Sewer    | Reached XP level 8. HP: 32/42 MP: 10/10
  5151 | D:5      | Noticed Sigmund
  5788 | D:5      | Reached skill level 6 in Short Blades
  5788 | D:5      | Reached skill level 4 in Shields
  5820 | D:5      | Reached skill level 5 in Fighting
  5834 | D:5      | You pick up a book of Displacement and begin reading...
  5834 | D:5      | You add the spells Lesser Beckoning, Gell's Gravitas and
                  | Teleport Other to your library.
  5886 | D:5      | Reached skill level 4 in Dodging
  6096 | D:5      | Killed Sigmund
  6097 | D:5      | Reached XP level 9. HP: 28/47 MP: 11/11
  6264 | D:5      | Found a staircase to the Ecumenical Temple.
  6426 | D:6      | Noticed Eustachio
  6435 | D:6      | Killed Eustachio
  6451 | D:6      | Reached **** piety under Lugonu
  6452 | D:6      | Reached skill level 7 in Short Blades
  6560 | D:6      | You pick up a book of Blood and begin reading...
  6560 | D:6      | You add the spells Sublimation of Blood and Summon Hydra to
                  | your library.
  6636 | D:6      | Reached skill level 5 in Shields
  6819 | D:6      | Found a white marble altar of Elyvilon.
  6826 | D:6      | Identified the +5 dagger of Cekiphoj {distort, Int+4}
  6950 | D:6      | Reached skill level 6 in Fighting
  7037 | D:7      | Noticed Maggie
  7058 | D:7      | Killed Maggie
  7059 | D:7      | Reached skill level 5 in Dodging
  7160 | D:7      | Reached skill level 8 in Short Blades
  7212 | D:7      | Reached XP level 10. HP: 49/50 MP: 12/12
  7316 | D:7      | Found a shadowy altar of Dithmenos.
  7642 | D:7      | You pick up a book of Frost and begin reading...
  7642 | D:7      | You add the spells Freeze, Frozen Ramparts and Hailstorm to
                  | your library.
  7842 | D:7      | HP: 11/53 [yak (3)]
  7895 | D:7      | Reached skill level 2 in Invocations
  7900 | D:8      | Noticed a two-headed ogre
  7994 | D:7      | Killed a two-headed ogre
  7995 | D:7      | Reached skill level 6 in Shields
  7995 | D:7      | Reached skill level 3 in Invocations
  8098 | D:8      | Noticed a centaur warrior
  8112 | D:8      | HP: 9/53 [centaur warrior (7)]
  8112 | D:8      | Slain by a centaur warrior

Vanquished Creatures
  A two-headed ogre (D:7)
  Maggie (D:7)
  Sigmund (D:5)
  Eustachio (D:6)
  5 yaks
  2 water moccasins
  2 orc warriors (D:3)
  An ice beast (D:6)
  4 ogres
  3 black bears
  3 necrophages
  A centaur (D:5)
  A kobold brigand (D:6)
  A phantom (D:6)
  A gnoll sergeant (D:4)
  2 bullfrogs
  2 scorpions
  A water moccasin skeleton (D:7)
  3 wights (D:7)
  A centaur zombie (D:6)
  3 hounds
  3 jellies
  6 orc priests
  A bullfrog skeleton (D:7)
  An iguana (D:4)
  Natasha (thrice) (D:4)
  3 orc wizards (D:4)
  A scorpion zombie (D:5)
  9 gnolls
  2 adders
  A white imp (D:4)
  2 dart slugs
  17 orcs
  7 ball pythons
  8 bats
  6 endoplasms
  10 giant cockroaches
  8 goblins
  16 hobgoblins
  2 jackals (D:3)
  5 quokkas
  A frilled lizard (D:3)
  6 kobolds
  2 quokka skeletons (D:4)
  6 rats
166 creatures vanquished.

Vanquished Creatures (others)
  A quokka (D:6)
1 creature vanquished.

Grand Total: 167 creatures vanquished

Table legend:
 A = Non-vault XP
 B = Vault XP
 C = Vault XP percentage of total XP
 D = Non-vault monster count
 E = Vault monster count
 F = Vault count percentage of total count
                 A         B        C        D         E       F
            +---------+---------+-------+---------+---------+-------
      Total |    5428 |    1375 |  20.2 |     145 |      21 |  12.7
            +---------+---------+-------+---------+---------+-------
        D:1 |      57 |       0 |   0.0 |      30 |       0 |   0.0
        D:2 |      77 |       3 |   3.8 |      15 |       2 |  11.8
        D:3 |     361 |       0 |   0.0 |      23 |       0 |   0.0
        D:4 |     765 |      35 |   4.4 |      38 |       1 |   2.6
        D:5 |     977 |     222 |  18.5 |      13 |       8 |  38.1
        D:6 |     770 |     580 |  43.0 |       9 |       5 |  35.7
        D:7 |    1787 |     385 |  17.7 |      13 |       1 |   7.1
        D:8 |     634 |       0 |   0.0 |       4 |       0 |   0.0
      Sewer |       0 |     150 | 100.0 |       0 |       4 | 100.0
            +---------+---------+-------+---------+---------+-------

Illustrated notes

Table legend:
 A = Kills in this place as a percentage of kills in entire the game.
 B = Kills by you in this place as a percentage of kills by you in the entire game.
 C = Kills by friends in this place as a percentage of kills by friends in the entire game.
 D = Other kills in this place as a percentage of other kills in the entire game.
 E = Experience gained in this place as a percentage of experience gained in the entire game.
 F = Experience gained in this place divided by the number of levels of this place that you have seen.
                   A       B       C       D       E      F
               +-------+-------+-------+-------+-------+----------------------
         Total | 100.0 | 100.0 |   N/A |   N/A | 100.0 | 618.5
       Dungeon |  97.6 |  97.6 |   N/A |   N/A |  97.8 | 831.6
         Sewer |   2.4 |   2.4 |   N/A |   N/A |   2.2 | 150.0
               +-------+-------+-------+-------+-------+----------------------

Table legend: (Time is in decaauts)
 A = Elapsed time spent in this place.
 B = Non-inter-level travel time spent in this place.
 C = Inter-level travel time spent in this place.
 D = Time resting spent in this place.
 E = Time spent auto-exploring this place.
 F = Levels seen in this place.
 G = Mean time per level.
                   A        B        C        D        E       F      G
               +--------+--------+--------+--------+--------+-----+--------+
         Total |   8141 |   7907 |    234 |    330 |   5732 |  11 |  740.1 |
       Dungeon |   7949 |   7715 |    234 |    330 |   5618 |   8 |  993.6 |
         Abyss |    102 |    102 |      0 |      0 |     59 |   2 |   51.0 |
         Sewer |     88 |     88 |      0 |      0 |     55 |   1 |   88.0 |
               +--------+--------+--------+--------+--------+-----+--------+

Top non-repeatable levels by time:
     D:4: 1911 daAuts
     D:1: 1441 daAuts
     D:3: 1060 daAuts
     D:7: 971 daAuts
     D:5: 941 daAuts
     D:2: 820 daAuts
     D:6: 701 daAuts
     D:8: 100 daAuts
   Sewer: 88 daAuts
 Abyss:1: 64 daAuts
 Abyss:2: 38 daAuts
